 Dungeon Crawl Stone Soup version 0.29.0-4-gdea44cf6ec (webtiles) character file.

Game seed: 161622772069600120

991 qw the Chopper (level 7, -2/59 HPs)
             Began as a Demonspawn Cinder Acolyte on Sept 9, 2022.
             Was a Believer of Ignis.
             Slain by Duvessa
             ... wielding a +0 short sword of venom
              (8 damage)
             ... on level 5 of the Dungeon.
             The game lasted 00:02:02 (4626 turns).

qw the Chopper (Demonspawn Cinder Acolyte)          Turns: 4626, Time: 00:02:02

Health: -2/59      AC: 23    Str: 17    XL:     7   Next: 98%
Magic:  8/8        EV:  5    Int: 15    God:    Ignis [**....]
Gold:   150        SH:  0    Dex:  8    Spells: 8/8 levels left

rFire   + . .      SeeInvis .   Y - +1 war axe
rCold   . . .      Faith    .   (no shield)
rNeg    . . .      Spirit   .   q - +0 plate armour
rPois   .          Reflect  .   (no helmet)
rElec   .          Harm     .   p - +2 cloak
rCorr   +          Rampage  .   (no gloves)
Will    .....                   (no boots)
Stlth   ..........              d - amulet of regeneration
HPRegen 0.99/turn               l - ring of resist corrosion
MPRegen 0.11/turn               (no ring)

@: mighty, lethally poisoned (-2 -> -21), about to teleport, fiery-armoured
A: claws 1, icy blue scales 1, ignite blood 1, powered by pain 2, robust 1,
MP-powered wands
a: Renounce Religion, Fiery Armour, Foxfire Swarm, Rising Flame


You were on level 5 of the Dungeon.
You worshipped Ignis.
Ignis was pleased with you.
You visited 1 branch of the dungeon, and saw 5 of its levels.
You also visited: Sewer.

You collected 213 gold pieces.
You spent 63 gold pieces at shops.


Innate Abilities, Weirdness & Mutations

You have sharp fingernails.
You are partially covered in icy blue scales. (AC +2)
Your demonic aura sometimes causes spilled blood to erupt in flames.
You sometimes gain power by taking damage.
You are robust. (+10% HP)
You expend magic power (3 MP) to strengthen your wands.


   Skills:
 - Level 4.0 Fighting
 + Level 7.2 Axes
 - Level 1.6 Throwing
 - Level 3.3 Armour
 - Level 1.1 Dodging
 - Level 1.0 Spellcasting
 - Level 2.6 Fire Magic


You had 8 spell levels left.
You didn't know any spells.
Your spell library contained the following spells:

 Spells                   Type           Power      Damage    Failure   Level
 Scorch                   Fire           16%        2d6       99%         2

Inventory:

Hand Weapons
 f - a +0 hand axe of flaming
 Y - a +1 war axe (weapon)
Armour
 p - a +2 cloak (worn)
 q - a +0 plate armour (worn)
Jewellery
 d - an amulet of regeneration (around neck)
 l - a ring of resist corrosion (left claw)
Scrolls
 e - 2 scrolls of identify
Potions
 a - a potion of might {unknown}
 c - a potion of resistance
 g - a potion of invisibility {unknown}
 j - a potion of berserk rage {unknown}
 m - 4 potions of haste
 n - a potion of heal wounds
 r - a potion of degeneration {unknown}

Dungeon Overview and Level Annotations

Branches:
Dungeon (5/15)             Temple (0/1) D:5           Sewer (visited)

Altars:
Trog

Shops:
D:2 (

Annotations:
D:5 Duvessa


Message History

Duvessa is lightly wounded.
You barely miss the adder.
You feel very sick. The adder bites you but does no damage.
The adder is burned by your cloak of flames.
The adder is heavily wounded.
Duvessa hits you but does no damage.
You are more poisoned.
Duvessa completely resists.
The adder bites you but does no damage.
The adder is burned by your cloak of flames.
You kill the adder!
Duvessa hits you with a +0 short sword of venom!
You focus on the pain.
You feel very mighty all of a sudden.
You hit Duvessa.
Duvessa is lightly wounded.
You feel very sick. Duvessa barely misses you.
Duvessa hits you but does no damage.
You are more poisoned.
You slash Duvessa!
Duvessa is moderately wounded.
You feel very sick. Duvessa hits you but does no damage.
You are more poisoned.
Duvessa resists.
Duvessa is burned by your cloak of flames.
Duvessa is moderately wounded.
You barely miss Duvessa.
Duvessa is moderately wounded.
You feel very sick. Duvessa hits you but does no damage.
You are lethally poisoned!
Duvessa hits you but does no damage.
You are more poisoned.
4626 ||| READING scroll of teleportation.
As you read the scroll of teleportation, it crumbles to dust.
You feel strangely unstable.
You feel extremely sick.
Duvessa hits you with a +0 short sword of venom!
You die...

#. #.# #.##. #.# .#
......#.#####.#.####
....................
...}..#..######..#####
......#.....))........
.>......#....)........
......#######)........
...}..#.......@e......
..... .........)......
.... #...............
.## #...............
.........:......
................
.......##.....#.
...... ......


You could see Duvessa (berserk, fast).

Vanquished Creatures
  Sigmund (D:2)
  A centaur (D:5)
  A phantom (D:4)
  A scorpion (D:4)
  Dowan (D:5)
  A hound (D:5)
  3 orc priests
  2 iguanas (D:4)
  2 jellies (Sewer)
  Terence (D:2)
  3 orc wizards (D:3)
  9 adders
  A gnoll (D:1)
  A river rat (Sewer)
  A white imp (D:5)
  2 worms
  2 dart slugs
  20 orcs
  19 endoplasms
  3 giant cockroaches
  5 goblins
  6 hobgoblins
  4 jackals (D:1)
  8 kobolds
  3 quokkas
  10 ball pythons
  2 bats
  4 frilled lizards
  9 rats
126 creatures vanquished.

Notes
Turn   | Place    | Note
-------+----------+-------------------------------------------
     0 | D:1      | qw the Demonspawn Cinder Acolyte began the quest for the
                  | Orb.
     0 | D:1      | Reached XP level 1. HP: 18/18 MP: 2/2
     0 | D:1      | 0 ||| qw: Version: 0.1-a-113-g051387a
     0 | D:1      | 0 ||| qw: Game counter: 7033
     0 | D:1      | 0 ||| qw: Always use a shield: true
     0 | D:1      | 0 ||| qw: God list: Okawaru
     0 | D:1      | 0 ||| qw: Allow faded altars: false
     0 | D:1      | 0 ||| qw: Do Orc after D:15 true
     0 | D:1      | 0 ||| qw: Do second Lair branch before Depths: true
     0 | D:1      | 0 ||| qw: Lair rune preference: random
     0 | D:1      | 0 ||| qw: Plans: Normal
     0 | D:1      | 0 ||| PLANNING D:1-11
     2 | D:1      | Noticed a draconian
     2 | D:1      | Noticed a tengu
     4 | D:1      | Noticed a minotaur
     4 | D:1      | Noticed a spriggan
     6 | D:1      | Noticed a merfolk
     6 | D:1      | Noticed a felid
     8 | D:1      | Noticed a vine stalker
    10 | D:1      | Noticed a troll
    10 | D:1      | Noticed a demonspawn
    12 | D:1      | Noticed an octopode
    14 | D:1      | Noticed a ghoul
    16 | D:1      | Noticed a naga
    16 | D:1      | Noticed a formicid
    18 | D:1      | Noticed a meteoran
    18 | D:1      | Noticed an ogre
    20 | D:1      | Noticed a human
    20 | D:1      | Noticed an elf
    22 | D:1      | Noticed a vampire
    22 | D:1      | Noticed a palentonga
    24 | D:1      | Noticed a gargoyle
    24 | D:1      | Noticed a tengu
    26 | D:1      | Noticed a ghoul
    26 | D:1      | Noticed a demigod
   126 | D:1      | 126 ||| Stepping ~*~*~tactically~*~*~ (stealth).
   128 | D:1      | 128 ||| Stepping ~*~*~tactically~*~*~ (stealth).
   133 | D:1      | Reached skill level 3 in Axes
   139 | D:1      | 139 ||| INVOKING Fiery Armour.
   141 | D:1      | Gained mutation: You have sharp fingernails. [demonic
                  | ancestry]
   141 | D:1      | Reached XP level 2. HP: 11/24 MP: 3/3
   175 | D:1      | 175 ||| Stepping ~*~*~tactically~*~*~ (stealth).
   176 | D:1      | 176 ||| Stepping ~*~*~tactically~*~*~ (stealth).
   332 | D:1      | 332 ||| INVOKING Fiery Armour.
   514 | D:1      | 514 ||| Stepping ~*~*~tactically~*~*~ (stealth).
   538 | D:1      | 538 ||| Stepping ~*~*~tactically~*~*~ (stealth).
   673 | D:1      | 673 ||| INVOKING Fiery Armour.
   905 | D:1      | 905 ||| Stepping ~*~*~tactically~*~*~ (stealth).
   936 | D:1      | 936 ||| INVOKING Fiery Armour.
   937 | D:1      | Reached XP level 3. HP: 13/29 MP: 4/4
  1255 | D:1      | HP: 6/29 [gnoll/+0 spear (10)]
  1256 | D:1      | 1256 ||| INVOKING Fiery Armour.
  1257 | D:1      | Reached skill level 4 in Axes
  1526 | D:1      | 1526 ||| Stepping ~*~*~tactically~*~*~ (stealth).
  1641 | D:1      | 1641 ||| UPGRADING to +0 ring mail.
  1651 | D:1      | 1651 ||| DROPPING +0 robe.
  1652 | D:1      | 1652 ||| UPGRADING to amulet of regeneration.
  1657 | D:1      | 1657 ||| READING scroll labelled YCANUYP ACSI.
  1661 | D:1      | 1661 ||| READING scroll labelled ZELEDA BEIPNETUOTI.
  1662 | D:1      | 1662 ||| READING scroll labelled OGAINO BOTH.
  1663 | D:1      | 1663 ||| READING scroll labelled GAMEOSYOCW.
  1683 | D:2      | Noticed Sigmund
  1695 | D:2      | Killed Sigmund
  1696 | D:2      | Reached skill level 5 in Axes
  1696 | D:2      | Gained mutation: You sometimes gain a little power by
                  | taking damage. [demonic ancestry]
  1696 | D:2      | Reached XP level 4. HP: 28/35 MP: 5/5
  1696 | D:2      | Gained mutation: Your demonic aura sometimes causes spilled
                  | blood to erupt in flames. [demonic ancestry]
  1696 | D:2      | Reached XP level 5. HP: 32/41 MP: 6/6
  1830 | D:2      | Reached skill level 1 in Dodging
  2329 | D:2      | Noticed Terence
  2341 | D:2      | Killed Terence
  2394 | D:2      | Found Paikepp's Antique Weapon Shop.
  2412 | D:2      | 2412 ||| SHOPLISTING jewelled war axe (153 gold, have 82).
  2412 | D:2      | 2412 ||| BUYING war axe (63 gold).
  2412 | D:2      | Bought a war axe for 63 gold pieces
  2412 | D:2      | 2412 ||| SWAPPING to +0 war axe.
  2524 | D:2      | 2524 ||| UPGRADING to +0 chain mail.
  2534 | D:2      | 2534 ||| DROPPING +0 ring mail.
  2535 | D:2      | 2535 ||| READING scroll labelled BAQAOCW ENTUA.
  2555 | D:2      | 2555 ||| READING scroll labelled UMUCSE EME KEE.
  2556 | D:2      | 2556 ||| READING scroll of teleportation.
  2605 | D:3      | Gained mutation: You sometimes gain power by taking damage.
                  | [demonic ancestry]
  2605 | D:3      | Reached XP level 6. HP: 47/47 MP: 7/7
  2656 | D:3      | 2656 ||| INVOKING Fiery Armour.
  2659 | D:3      | Reached skill level 1 in Armour
  2667 | D:3      | Reached skill level 6 in Axes
  2799 | D:3      | 2799 ||| Stepping ~*~*~tactically~*~*~ (hiding).
  3076 | D:3      | 3076 ||| READING scroll of enchant weapon.
  3076 | D:3      | 3076 ||| ENCHANTING +0 war axe.
  3230 | D:3      | 3230 ||| FLEEEEING.
  3233 | D:3      | 3233 ||| FLEEEEING.
  3234 | D:3      | 3234 ||| FLEEEEING.
  3235 | D:3      | 3235 ||| FLEEEEING.
  3236 | D:3      | 3236 ||| FLEEEEING.
  3237 | D:3      | 3237 ||| FLEEEEING.
  3238 | D:3      | 3238 ||| FLEEEEING.
  3239 | D:3      | 3239 ||| FLEEEEING.
  3240 | D:3      | 3240 ||| FLEEEEING.
  3241 | D:3      | 3241 ||| FLEEEEING.
  3242 | D:3      | 3242 ||| FLEEEEING.
  3243 | D:3      | 3243 ||| FLEEEEING.
  3244 | D:3      | 3244 ||| FLEEEEING.
  3245 | D:3      | 3245 ||| FLEEEEING.
  3256 | D:3      | 3256 ||| FLEEEEING.
  3257 | D:3      | 3257 ||| FLEEEEING.
  3260 | D:3      | 3260 ||| FLEEEEING.
  3261 | D:3      | 3261 ||| FLEEEEING.
  3268 | D:3      | 3268 ||| STAIRDANCE
  3286 | D:2      | 3286 ||| UPGRADING to ring of resist corrosion.
  3287 | D:2      | 3287 ||| READING 2 scrolls labelled DUXYCH AGAUQU.
  3288 | D:2      | 3288 ||| READING 2 scrolls labelled MYJEGHUTIT.
  3289 | D:2      | 3289 ||| DRINKING 2 clear potions.
  3290 | D:2      | 3290 ||| DROPPING potion of attraction.
  3291 | D:2      | 3291 ||| DROPPING scroll of vulnerability.
  3364 | D:3      | Found a faded altar of an unknown god.
  3504 | D:4      | 3504 ||| PLANNING SEWER
  3504 | D:4      | 3504 ||| STAIRDANCE
  3512 | D:4      | 3512 ||| STAIRDANCE
  3603 | D:4      | 3603 ||| Stepping ~*~*~tactically~*~*~ (stealth).
  3664 | D:4      | Reached skill level 1 in Throwing
  3664 | D:4      | Gained mutation: You are partially covered in icy blue
                  | scales. (AC +2) [demonic ancestry]
  3664 | D:4      | Reached XP level 7. HP: 51/54 MP: 8/8
  3711 | D:4      | Found a bloodstained altar of Trog.
  3720 | D:4      | 3720 ||| Stepping ~*~*~tactically~*~*~ (stealth).
  4057 | D:4      | Found a glowing drain.
  4058 | D:4      | 4058 ||| UPGRADING to +0 cloak.
  4063 | D:4      | 4063 ||| UPGRADING to +0 plate armour.
  4073 | D:4      | 4073 ||| DROPPING +0 chain mail.
  4074 | D:4      | 4074 ||| READING 2 scrolls of enchant armour.
  4074 | D:4      | 4074 ||| ENCHANTING +0 cloak.
  4075 | D:4      | 4075 ||| READING scroll of enchant armour.
  4075 | D:4      | 4075 ||| ENCHANTING +1 cloak.
  4076 | D:4      | 4076 ||| DRINKING 2 fuming emerald potions.
  4077 | D:4      | 4077 ||| READING 4 scrolls of identify.
  4077 | D:4      | 4077 ||| IDENTIFYING cyan potion
  4078 | D:4      | 4078 ||| READING 3 scrolls of identify.
  4078 | D:4      | 4078 ||| IDENTIFYING black potion
  4079 | D:4      | 4079 ||| READING 2 scrolls of identify.
  4079 | D:4      | 4079 ||| IDENTIFYING inky potion
  4080 | D:4      | 4080 ||| DROPPING potion of magic.
  4081 | D:4      | 4081 ||| DROPPING potion of flight.
  4090 | Sewer    | Entered a sewer
  4250 | Sewer    | 4250 ||| Stepping ~*~*~tactically~*~*~ (stealth).
  4251 | Sewer    | 4251 ||| INVOKING Fiery Armour.
  4260 | Sewer    | Reached skill level 7 in Axes
  4270 | Sewer    | Found a viscous altar of Jiyva.
  4334 | Sewer    | 4334 ||| Stepping ~*~*~tactically~*~*~ (water).
  4367 | Sewer    | 4367 ||| READING scroll labelled JOSKYACKOZ.
  4368 | Sewer    | 4368 ||| DRINKING 2 murky inky potions.
  4369 | Sewer    | 4369 ||| DRINKING 2 grey potions.
  4369 | Sewer    | Gained mutation: You sometimes lose your temper in combat.
                  | [potion of mutation]
  4369 | Sewer    | Gained mutation: Your flesh is cold resistant. (rC+)
                  | [potion of mutation]
  4370 | Sewer    | 4370 ||| DRINKING potion of mutation.
  4370 | Sewer    | Lost mutation: Your flesh is cold resistant. (rC+) [potion
                  | of mutation]
  4370 | Sewer    | Lost mutation: You sometimes lose your temper in combat.
                  | [potion of mutation]
  4370 | Sewer    | Gained mutation: You are robust. (+10% HP) [potion of
                  | mutation]
  4370 | Sewer    | Gained mutation: You expend magic power (3 MP) to
                  | strengthen your wands. [potion of mutation]
  4391 | D:4      | 4391 ||| PLANNING D:1-11
  4406 | D:5      | Entered Level 5 of the Dungeon
  4463 | D:5      | 4463 ||| Stepping ~*~*~tactically~*~*~ (hiding).
  4594 | D:5      | Found a staircase to the Ecumenical Temple.
  4602 | D:5      | Noticed Dowan
  4608 | D:5      | 4608 ||| INVOKING Fiery Armour.
  4613 | D:5      | Reached skill level 3 in Armour
  4614 | D:5      | Noticed Duvessa
  4618 | D:5      | Killed Dowan
  4625 | D:5      | HP: 13/59 [poisoned by Duvessa]
  4626 | D:5      | 4626 ||| READING scroll of teleportation.
  4626 | D:5      | HP: 6/59 [poisoned by Duvessa]
  4626 | D:5      | Slain by Duvessa

Levels and vault maps discovered:
D:1:      kb_arrival_jail, layout_rooms, grunt_decor_resistance,
          minmay_misc_feat_five, minmay_misc_feat_four_crosses
D:2:      layout_basic, serial_shops, nicolae_diamond_shop, uniq_sigmund,
          uniq_terence
D:3:      layout_basic, basic_ecumenical_altar
D:4:      layout_rooms, mainiacjoe_overflow_six_doors_small,
          portal_sewer_entry_d, chequers_serial_rivers_large_b,
          chequers_serial_rivers_micro_d
D:5:      layout_basic, minmay_temple_entry_large_hall, minmay_pentangle,
          uniq_duvessa

Skill      XL: |  1  2  3  4  5  6  7 |
---------------+----------------------+-----
Axes           | 3 5 6 7 |  7.2
Dodging        | 1 |  1.1
Armour         | 2 3 |  3.3
Fighting       | 4 |  4.0
Throwing       | 1 |  1.6
Spellcasting   | |  1.0
Fire Magic     | |  2.6

Action                   |  1- 3 |  4- 6 |  7- 9 || total
-------------------------+-------+-------+-------++-------
Melee: Hand axe          |    89 |    52 |       ||   141
       War axe           |       |   112 |    94 ||   206
       Punch             |       |     2 |     1 ||     3
Throw: Boomerang         |       |     4 |    13 ||    17
Invok: Fiery Armour      |     5 |     1 |     2 ||     8
  Use: Scroll            |     4 |     6 |     7 ||    17
       Potion            |       |     1 |     4 ||     5
Armor: Robe              |    20 |       |       ||    20
       Ring mail         |     1 |    14 |       ||    15
       Chain mail        |       |    54 |    10 ||    64
       Plate armour      |       |       |    64 ||    64
Dodge: Dodged            |    32 |    51 |    22 ||   105

Table legend:
 A = Non-vault XP
 B = Vault XP
 C = Vault XP percentage of total XP
 D = Non-vault monster count
 E = Vault monster count
 F = Vault count percentage of total count
                 A         B        C        D         E       F
            +---------+---------+-------+---------+---------+-------
      Total |     935 |     482 |  34.0 |     100 |      26 |  20.6
            +---------+---------+-------+---------+---------+-------
        D:1 |      61 |       0 |   0.0 |      29 |       0 |   0.0
        D:2 |      61 |     250 |  80.4 |      14 |       2 |  12.5
        D:3 |     262 |       0 |   0.0 |      27 |       0 |   0.0
        D:4 |     351 |      14 |   3.8 |      20 |       1 |   4.8
        D:5 |     200 |      66 |  24.8 |      10 |       1 |   9.1
      Sewer |       0 |     152 | 100.0 |       0 |      22 | 100.0
            +---------+---------+-------+---------+---------+-------
